Map: [TLMC15] Glittering Ashes

Players

Rogue - Winner!

  • Race: Zerg Zerg

Serral

  • Race: Zerg Zerg

Event: DreamHack SC2 Masters 2021 Winter

VOD

Have the link to the VOD?

Description

Time

  • Played on: Nov. 13, 2021, 1:13 p.m.
  • Length: 3:19

All games in this series

Show
View Real Time Build Order
Export as new Build Order

Rogue Zerg - Winner!

Build Orders: Pool Only 

Get SALT Encoding   

  12  0:17  Spawning Pool  
  11  0:22  Drone  
  11  0:25  Drone  
  13  0:30  Drone  
  14  0:39  Overlord  
  14  1:04  Zergling x4  
  14  1:05  Zergling x2  
  17  1:16  Zergling x2  
  18  1:27  Zergling x2  
  19  1:41  Zergling x2  
  20  1:50  Zergling x2  
  21  2:00  Zergling x2  
  22  2:08  Spine Crawler  
  22  2:11  Spine Crawler  
  22  2:13  Spine Crawler  
  19  2:20  Zergling x2  
  20  2:28  Zergling x2  
  20  2:46  Zergling x2  
  21  3:00  Zergling x2  
Show
View Real Time Build Order
Export as new Build Order

Serral Zerg 

Build Orders: Hatch First 

Get SALT Encoding   

  12  0:00  Drone  
  13  0:12  Overlord  
  13  0:16  Drone  
  14  0:30  Drone x2  
  16  0:47  Hatchery  
  15  0:50  Drone  
  15  0:55  Drone  
  17  0:58  Drone  
  18  1:09  Extractor  
  17  1:14  Spawning Pool  
  17  1:16  Drone  
  17  1:19  Drone  
  18  1:27  Drone  
  19  1:38  Drone  
  20  2:00  Queen x2  
  24  2:01  Zergling x2  
  24  2:02  Overlord  
  24  2:03  Zergling x2  
  24  2:07  Spine Crawler  
  25  2:12  Spine Crawler  
  23  2:18  Zergling x2  
  23  2:21  Zergling x4  
  14  2:45  Zergling x2  
  15  2:53  Zergling x2  
  16  3:01  Zergling x2  

Tags
 
Add a new tag
Caveats
  • Supply blocks, unpowered buildings, or Contaminate may cause inaccurate times.
  • Supply counts are checked every 10 seconds.